TKirby, chaotic male elven Ranger ------------ ----- |(.[?))*..?| ..... |..?.%.[?%.| |...| |[)?.=+?!).| |.@.| |...(.?.(..| |.h.-# # # # ---------|-- |.>.|# ##### `######` # |...|# # # ----|----# ### -----# # ### |.......|# # # # # |.......|# ### # # ##-.......|# # ### # |.......|# # #---------# ---------### # #|.......|# # # # #|........# #####------.------- #.>.[....| # #..........|..| --------- ###|.....<......| #.............| -|------------ # TKirby the Lookout Experience level: 5 Strength: 14 Dexterity: 10 Constitution: 15 Intelligence: 14 Wisdom: 15 Charisma: 7 Health: 0(38) Energy: 28(28) Def: 9 Gold: 284 Moves: 2306 Dungeon seed: 2_9Ir7wXIuECRCFM Game ID: TKirby_1507659603 Your Inventory: Coins $ - 284 gold pieces Weapons a - the +1 Sting (weapon in hand) b - a +1 elven bow (alternate weapon; not wielded) c - 49 +2 elven arrows (in quiver) d - 39 +0 elven arrows Armor e - an uncursed +2 elven cloak (being worn) n - a blessed +0 banded mail (being worn) Comestibles f - 3 uncursed lembas wafers Scrolls g - an uncursed scroll of enchant armor h - a cursed scroll of enchant weapon l - an uncursed scroll of create monster m - an uncursed scroll of scare monster o - an uncursed scroll of remove curse q - an uncursed scroll of gold detection s - a blessed scroll of genocide t - an uncursed scroll of amnesia D - an uncursed scroll of identify Tools j - an uncursed magic whistle v - an uncursed wax candle (0:400) Gems r - an uncursed worthless piece of black glass y - an uncursed worthless piece of white glass Spells and supernatural/magical abilities: Name Level Category Fail Memory P - polymorph 6 matter 100% 99% W - pray for help -- divine ? -- Your skills at the end: Fighting Skills Weapon Skills dagger [Basic] bow [Basic] Spellcasting Skills Final Attributes: You were piously aligned. You were sleep resistant. You were aware of the presence of orcs. You had automatic searching. You had infravision. You were stealthy. You are dead. Vanquished creatures: a large mimic a floating eye a kobold lord a centipede a giant bat 2 hobbits 7 manes 3 giant rats 2 brown molds a yellow mold a red mold 2 geckos 7 jackals a fox a kobold 2 goblins a sewer rat a grid bug 2 bats 3 lichens a kobold zombie 4 newts 46 creatures vanquished. Voluntary challenges: You were an atheist. You used a wielded weapon 67 times, starting on turn 2. You read items or engraved 54 times, starting on turn 428. You never genocided any monsters. You never polymorphed an object. You never changed form. You used no wishes. You never split a pudding. You never wrote Elbereth's name. You never violated your personal moral code. Dungeon overview: The Dungeons of Doom: levels 1 to 4 Level 1 some fountains a long staircase Level 2 a scroll shop, a fountain Level 3 some fountains Level 4 <- You were here a general store a long staircase History has recorded: On T:1 you entered the Dungeons of Doom to retrieve the Amulet of Yendor! On T:189 you advanced to experience level 2. On T:396 you reached level 2 of The Dungeons of Doom. On T:741 you advanced to experience level 3. On T:1251 you reached level 3 of The Dungeons of Doom. On T:1383 you advanced to experience level 4. On T:1786 you reached level 4 of The Dungeons of Doom. On T:2008 you advanced to experience level 5. Score breakdown: Gold: 284 ( 8350 points) Experience: 5 levels (11141 points) Exploration: 4 levels ( 8.16%) ( 7500 points) Discoveries: 8 items ( 2.76%) ( 4982 points) Valuables value: (no points given unless you survive) Artifact value: 800 ( 9877 points) Variety of kills: 22 monsters ( 5.77%) ( 7208 points) Turncount: 2306 turns ( -211 points) Survival: died (score multiplied by 80%) Total score: 39077 Latest messages: The dwarf wields a broad pick! You begin bashing monsters with your elven bow. You hit the brown mold. You are suddenly very cold! The dwarf swings his broad pick. The dwarf hits! You miss the brown mold. You are now wielding your Sting. b - a +1 elven bow (alternate weapon; not wielded). You kill the brown mold! The dwarf swings his broad pick. The dwarf hits! You see here a brown mold corpse. This brown mold corpse tastes terrible! You finish eating the brown mold corpse. You miss the dwarf. The dwarf swings his broad pick. The dwarf hits! You hit the dwarf. (2x) The dwarf swings his broad pick. The dwarf hits! You die... Final status: Goodbye TKirby the Ranger, killed by a dwarf... You died in The Dungeons of Doom on dungeon level 4 with 39077 points, and 284 pieces of gold, after 2306 moves. You were level 5 with a maximum of 38 hit points when you died.